 Dungeon Crawl Stone Soup version 0.31-a0-771-g505c3d19dc (webtiles) character file.

Game seed: 4227128224205782093

7 cforsyth the Sneak (level 2, 0/25 HPs)
             Began as a Djinni Delver on Sept 16, 2023.
             Slain by Menkaure (14 damage)
             ... on level 5 of the Dungeon.
             The game lasted 00:00:28 (146 turns).

cforsyth the Sneak (Djinni Delver)                   Turns: 146, Time: 00:00:28

Health: 0/25       AC:  3    Str: 11    XL:     2   Next: 10%
Gold:   29         EV: 12    Int: 11    God:
                   SH:  0    Dex: 14

rFire   + + .        a - +0 falchion
rCold   x . .        (no shield)
rNeg    . . .        b - +0 leather armour
rPois   ∞            (no helmet)
rElec   .            (no cloak)
rCorr   .            (no gloves)
SInv    .            (boots unavailable)
Will    .....        (no amulet)
Stlth   ++           (no ring)
HPRegen 0.24/turn    (no ring)
MPRegen 0.00/turn

%: infuse magic (-1 HP)
@: flying
A: sickness immunity, fire resistance 2, cold vulnerability 1, float, innate
caster, HP casting, extra vitality 1
a: no special abilities


You were on level 5 of the Dungeon.
You visited 1 branch of the dungeon, and saw 1 of its levels.

You collected 29 gold pieces.

Inventory:

Hand Weapons
 a - a +0 falchion (weapon)
Armour
 b - a +0 leather armour (worn)
Wands
 g - a wand of digging (3)
Scrolls
 c - a scroll of fog
 d - a scroll of revelation
 e - a scroll of fear
 h - a scroll of teleportation {unknown}
Potions
 f - a potion of haste
 i - a potion of heal wounds {unknown}


   Skills:
 + Level 3.2 Fighting
 - Level 1.7 Long Blades
 - Level 2.1 Dodging
 - Level 4.1 Stealth
 + Level 0.5 Spellcasting
 + Level 0.5 Conjurations
 + Level 0.5 Hexes
   Level 0.0 Charms
 + Level 0.5 Summonings
 + Level 0.5 Necromancy
 + Level 0.5 Translocations
 + Level 0.5 Transmutations
 + Level 0.5 Fire Magic
 + Level 0.5 Ice Magic
 + Level 0.5 Air Magic
 + Level 0.5 Earth Magic
 + Level 0.5 Poison Magic You didn't know any spells. Your spell library was empty.

Dungeon Overview and Level Annotations

Branches:
Dungeon (5/15)
 Temple: D:4-7

Altars:

Annotations:
D:5 Menkaure


Innate Abilities, Weirdness & Mutations

You are immune to sickness and miasma.
You are immune to poison.
Your flesh is very heat resistant. (rF++)
You are vulnerable to cold. (rC-)
You float through the air rather than walking.
You learn spells naturally, not from books.
Your magical power is your life essence.
You have superior vitality. (+4 MHP)


Message History

The adder is moderately wounded.
An orc comes into view. It is wielding a +0 whip.
Menkaure calls on the powers of darkness!
The orc convulses!
The adder convulses!
Your body is wracked with pain!
The adder bites you.
* * * LOW HITPOINT WARNING * * *
You hear a shout!
You are too injured to fight recklessly!
You are too injured to fight recklessly!
You are too injured to fight recklessly!
You closely miss the adder.
The adder is heavily wounded.
The adder closely misses you.
An iguana comes into view.
The adder misses you.
You miss the adder.
The adder is heavily wounded.
The orc shouts!
The adder bites you but does no damage.
You hit the adder.
You kill the adder!
You have reached level 2!
You start resting.
HP restored.
Menkaure casts a spell at you.
You barely resist. Menkaure closely misses you.
The orc warrior shouts!
The orc shouts!
You hit Menkaure.
Menkaure is moderately damaged.
You hear a shout!
Menkaure splashes around in the water.
You hit Menkaure.
Menkaure is moderately damaged.
Menkaure hits you!
You completely miss Menkaure.
Menkaure is moderately damaged.
Menkaure hits you!
Ouch! That really hurt!
You die...

............##.....#
...........###.....##
#.###...............#
##..............##.##
#.........##...##.#
.....~.......~#.####
#~....~.....~o~.###
≈≈≈~~≈~~~≈~≈oo≈≈≈≈##
≈≈≈~~..~~~~~≈o≈≈@≈≈#
#....~~.~~..~..M##≈##
#.#......~.....###≈≈#
..##~.~....~~.## ####
############


You could see an orc warrior, Menkaure and 3 orcs.

Vanquished Creatures
  An adder (D:5)
1 creature vanquished.

Notes
Turn   | Place    | Note
-------+----------+-------------------------------------------
     0 | D:5      | cforsyth the Djinni Delver began the quest for the Orb.
     0 | D:5      | Reached XP level 1. HP: 20/20 MP: 0/0
    21 | D:5      | Noticed an orc warrior
    65 | D:5      | Noticed Menkaure
    71 | D:5      | Noticed an iguana
    74 | D:5      | Reached XP level 2. HP: 9/25 MP: 0/0
   146 | D:5      | Slain by Menkaure

Illustrated notes

Levels and vault maps discovered:
D:5:      layout_cave_pools, serial_shops, shop, shop, shop, shop, shop,
          chequers_serial_rivers_small_3, grunt_ministairs_1,
          guppyfry_early_lair_pool, uniq_ijyb, uniq_menkaure

Action                     || total
---------------------------++-------
  Melee: Falchion          ||    11
 Armour: Leather armour    ||     7
  Dodge: Dodged            ||     7

Table legend: (Time is in decaauts)
 A = Elapsed time spent in this place.
 B = Non-inter-level travel time spent in this place.
 C = Inter-level travel time spent in this place.
 D = Time resting spent in this place.
 E = Time spent auto-exploring this place.
 F = Levels seen in this place.
 G = Mean time per level.
                   A        B        C        D        E       F      G
               +--------+--------+--------+--------+--------+-----+--------+
         Total |    148 |    148 |      0 |     48 |     38 |   1 |  148.0 |
       Dungeon |    148 |    148 |      0 |     48 |     38 |   1 |  148.0 |
               +--------+--------+--------+--------+--------+-----+--------+

Top non-repeatable levels by time:
     D:5: 148 daAuts
